 Dungeon Crawl Stone Soup version 0.21-a0-349-g0c35859 (webtiles) character file.

8 Deas the Sneak (level 2, 0/13 HPs)
             Began as a Spriggan Enchanter on Oct 8, 2017.
             Shot with a stone by a goblin (4 damage)
             ... on level 2 of the Dungeon.
             The game lasted 00:01:26 (782 turns).

Deas the Sneak (Spriggan Enchanter)                  Turns: 782, Time: 00:01:27

Health: 0/13       AC:  3    Str:  4    XL:     2   Next: 0%
Magic:  4/7        EV: 18    Int: 16    God:
Gold:   6          SH:  0    Dex: 16    Spells: 6/7 levels left

rFire    . . .     SeeInvis +   a - +1 dagger
rCold    . . .     Gourm    .   (shield restricted)
rNeg     . . .     Faith    .   b - +1 robe
rPois    .         Spirit   .   (helmet restricted)
rElec    .         Reflect  .   (no cloak)
rCorr    .         Harm     .   (gloves unavailable)
MR       .....                  (boots unavailable)
Stlth    +++.......             (no amulet)
HPRegen  0.04/turn              (no ring)
MPRegen  0.10/turn              (no ring)

@: very quick
A: unfitting armour, see invisible, herbivore 3, speed 3, slow metabolism 2
a: no special abilities


You were on level 2 of the Dungeon.
You were not hungry.

You visited 1 branch of the dungeon, and saw 2 of its levels.

You collected 6 gold pieces.

Inventory:

Hand Weapons
 a - a +1 dagger (weapon)
Armour
 b - a +1 robe (worn)
Potions
 e - a potion of curing {unknown}
 f - a potion of flight {unknown}
 g - 2 potions of brilliance {unknown}
Books
 c - a book of Maledictions

   Spells                             Type                      Level
   a - Corona                         Hexes                        1
   b - Ensorcelled Hibernation        Hexes/Ice                    2
   c - Confuse                        Hexes                        3
   d - Tukima's Dance                 Hexes                        3
   e - Dazzling Spray                 Conjuration/Hexes            3
Comestibles
 d - a bread ration


   Skills:
 - Level 1.1 Short Blades
 - Level 3.0 Dodging
 - Level 4.4 Stealth
 + Level 3.1 Spellcasting
 + Level 4.0 Hexes


You had 6 spell levels left.
You knew the following spells:

 Your Spells              Type           Power        Failure   Level  Hunger
a - Corona                Hex            ###....      3%          1    None


Dungeon Overview and Level Annotations

Branches:
Dungeon (2/15)

Altars:


Innate Abilities, Weirdness & Mutations

You are very small and have problems with some larger weapons.
You are too small for most types of armour.
You have supernaturally acute eyesight. (SInv)
You are a herbivore.
You cover ground extremely quickly.
You need consume almost no food.


Message History

Aiming: Corona
Press: ? - help, Shift-Dir - straight line, f - hobgoblin
Aim: a hobgoblin, wielding a club (chance to defeat MR: 69%)
The hobgoblin barely resists.
The hobgoblin hits you with a club.
There is a stone staircase leading down here.
You climb downwards.
A goblin comes into view. It is wielding a club.
Found a scroll labeled CAFUCHEFAF, 38 stones and 14 gold pieces.
Found a stone staircase leading down.
There is a stone staircase leading up here.
The goblin shouts!
The goblin hits you with a club.
* * * LOW HITPOINT WARNING * * *
Found a bread ration.
The goblin unwields an uncursed club.
The goblin wields a hunting sling.
The goblin shoots a stone.
The stone hits you but does no damage.
There is a stone staircase leading up here.
You see here a stone.
The goblin shoots a stone.
The stone hits you.
You die...

####........ . .
#.....(........ %.
#......... ....
#.#.......##.....
##.(.............
...?..g...>....#
.#.....<##...#.#
..........#.......
##..######@....#
## #..$...#
#...#...#
$...###### ...##
....# ..## ..


You could see a goblin.

Vanquished Creatures
  A dart slug (D:1)
  A goblin (D:1)
  A hobgoblin (D:1)
  A kobold (D:1)
  A bat (D:1)
  A rat (D:1)
6 creatures vanquished.

Notes
Turn   | Place    | Note
-------+----------+-------------------------------------------
     0 | D:1      | Deas the Spriggan Enchanter began the quest for the Orb.
     0 | D:1      | Reached XP level 1. HP: 9/9 MP: 5/5
   760 | D:1      | Reached XP level 2. HP: 9/13 MP: 4/7
   782 | D:2      | Shot with a stone by a goblin

Vault maps used:
D:1:      evilmike_arrival_rings, corner_web_ring
D:2:      zin_academy, first_bread

Skill      XL: |  1 |
---------------+----+-----
Spellcasting   | 3 |  3.1
Hexes          | 4 |  4.0
Short Blades   | |  1.1
Dodging        | |  3.0
Stealth        | |  4.4

Action                   || total
-------------------------++-------
Melee: Dagger            ||    37
 Cast: Corona            ||     4
  Use: Scroll            ||     2
 Stab: Sleeping          ||     2
Armor: Robe              ||     2
Dodge: Dodged            ||    25

Table legend:
 A = Spawn XP
 B = Non-spawn XP
 C = Spawn XP percentage of total XP
 D = Spawn monster count
 E = Non-spawn monster count
 F = Spawn count percentage of total count
 G = Total turns spent on level
                    A         B        C        D         E        F      G
               +---------+---------+-------+---------+---------+-------+---------
         Total |       0 |      12 |   0.0 |       0 |       6 |   0.0 |   782
               +---------+---------+-------+---------+---------+-------+---------
           D:1 |       0 |      12 |   0.0 |       0 |       6 |   0.0 |   776
               +---------+---------+-------+---------+---------+-------+---------
